AoeStats
← 熱心牛牛

Black Forest

509627058Analyzed
4v4 RM · 3d ago on Sep 27, 2026· 51m 14s· 8 players
Game mode
Random Map
Map size
Large (8 player)
Population
200
Speed
Normal
Resources
Standard
Victory
Conquest
Starting age
Dark Age
Ending age
Imperial Age
RankedLock teamsTeams togetherTeam positionsShared explorationLock speedFull tech treeHidden civsTurbo modeCheats
Victory
Defeat
🇹🇼 Malay · Taiwan
1304
+11
1182
+16
🇹🇼 Spanish · Taiwan
1153
+17
🇨🇳 Saxons · China
1045
+21
1196
-17
🇷🇺 Slavs · Russia
1186
-17
🇨🇳 Goths · China
1172
-16
🇹🇼 Bohemians · Taiwan
1153
-15
友善牛牛
11:00 Feudal Age
14:09 Castle Age
12:22 Double-Bit Axe
12:56 Horse Collar
24:24 Wheelbarrow
24:16 Loom
25:50 Heavy Plow
30:11 Imperial Age
29:01 Scale Barding Armor
33:43 Elite Battle Elephant
34:35 Forging
36:36 Iron Casting
35:52 Fletching
36:34 Conscription
38:47 Blast Furnace
38:17 Bodkin Arrow
38:14 Man-at-Arms
38:50 Long Swordsman
39:30 Squires
39:16 Arson
39:39 Two-Handed Swordsman
44:08 Chemistry
44:35 Husbandry
44:30 Town Watch
45:37 Gold Mining
45:37 Stone Mining
46:03 Bow Saw
46:54 Bracer
46:55 Padded Archer Armor
47:39 Forced Levy
49:19 Hand Cart
49:06 Town Patrol
49:48 Gold Shaft Mining
49:48 Stone Shaft Mining
50:17 Ballistics
熱心牛牛
8:46 Loom
13:13 Feudal Age
17:14 Castle Age
22:05 Stone Mining
22:02 Double-Bit Axe
23:40 Bow Saw
23:32 Horse Collar
23:56 Padded Archer Armor
25:31 Gold Mining
26:27 Wheelbarrow
27:05 Wheelbarrow
32:58 Heavy Plow
39:43 Imperial Age
37:32 Hand Cart
37:52 Caravan
38:15 Fletching
39:54 Bloodlines
39:27 Elite Skirmisher
41:08 Husbandry
41:49 Onager
42:50 Thumb Ring
43:04 Leather Archer Armor
42:48 Bodkin Arrow
44:59 Conscription
47:16 Chemistry
48:26 Two-Man Saw
49:09 Bracer
49:25 Leather Archer Armor
被資工砍殺的0.5+村民
0:28 Loom
12:21 Feudal Age
14:42 Fletching
20:58 Double-Bit Axe
26:34 Castle Age
25:58 Wheelbarrow
27:21 Thumb Ring
26:40 Crossbowman
27:55 Bodkin Arrow
28:31 Ballistics
28:44 Padded Archer Armor
36:19 Imperial Age
37:27 Arbalester
39:17 Chemistry
38:25 Bracer
46:02 Masonry
46:49 Conscription
48:16 Bow Saw
EPD_阿吉
0:26 Loom
12:23 Feudal Age
13:56 Double-Bit Axe
16:29 Castle Age
16:01 Double-Bit Axe
16:04 Horse Collar
19:32 Bow Saw
22:38 Town Watch
23:26 Gold Mining
27:38 Fletching
28:28 Wheelbarrow
29:05 Bodkin Arrow
29:12 Scale Mail Armor
29:22 Forging
30:03 Heavy Plow
31:38 Hand Cart
34:30 Imperial Age
33:06 Stone Mining
33:53 Gold Shaft Mining
33:22 Caravan
33:13 Pikeman
33:54 Squires
33:39 Arson
33:39 Gambesons
34:10 Town Patrol
33:50 Clerical Recruitment
36:02 Conscription
37:33 Bracer
37:44 Forging
37:49 Chain Mail Armor
37:31 Light Cavalry
38:23 Bloodlines
38:13 Husbandry
38:29 Onager
40:15 Iron Casting
39:47 Scale Barding Armor
39:42 Padded Archer Armor
43:45 Man-at-Arms
47:38 Crop Rotation
46:50 Shield Wall
48:55 Chain Barding Armor
49:06 Plate Mail Armor
48:52 Leather Archer Armor
49:07 Elite Hearth Troop
49:45 Hussar
50:21 Cavalier
[CH] ab ins Schällemätteli
0:27 Loom
14:40 Feudal Age
18:57 Castle Age
16:59 Stone Mining
22:54 Gold Mining
29:41 Imperial Age
27:51 Double-Bit Axe
29:33 Fletching
31:28 Chemistry
34:30 Bow Saw
34:44 Bodkin Arrow
39:50 Conscription
43:17 Bracer
43:44 Ballistics
44:54 Murder Holes
45:07 Siege Engineers
45:13 Masonry
45:41 Elite Organ Gun
46:42 Conscription
49:08 Arquebus
小天
0:55 Loom
13:06 Feudal Age
18:28 Castle Age
16:44 Double-Bit Axe
25:58 Bow Saw
26:50 Horse Collar
Sega Mega Drive
1:09 Loom
2:16 Loom
11:41 Feudal Age
12:19 Double-Bit Axe
12:18 Horse Collar
18:30 Castle Age
19:31 Bow Saw
19:55 Heavy Plow
20:35 Wheelbarrow
19:45 Town Watch
22:31 Hand Cart
25:44 Gold Mining
25:44 Stone Mining
27:42 Gold Shaft Mining
31:50 Imperial Age
29:44 Ballistics
31:02 Pikeman
31:42 Squires
34:34 Halberdier
showland_wolf
1:18 Loom
14:52 Feudal Age
15:46 Horse Collar
15:54 Double-Bit Axe
16:50 Stone Mining
19:53 Castle Age
17:59 Gold Mining
22:14 Heavy Plow
22:56 Bow Saw
24:52 Stone Shaft Mining
24:13 Town Watch
25:09 Wheelbarrow
24:32 Pikeman
28:50 Hand Cart
32:27 Imperial Age
30:36 Fletching
30:57 Forging
30:48 Scale Mail Armor
30:57 Squires
31:33 Treadmill Crane
32:03 Masonry
31:51 Murder Holes
32:01 Anarchy
32:43 Iron Casting
32:04 Bodkin Arrow
33:09 Perfusion
33:31 Conscription
34:27 Chain Mail Armor
34:10 Halberdier
36:58 Blast Furnace
35:59 Padded Archer Armor
35:35 Elite Skirmisher
36:43 Elite Huskarl
39:26 Two-Man Saw
39:16 Ballistics
40:35 Leather Archer Armor
41:38 Man-at-Arms
43:42 Ring Archer Armor
44:23 Chemistry
43:27 Long Swordsman
44:04 Two-Handed Swordsman
46:16 Crop Rotation
47:41 Champion
Connection lost

Rejoining the realm…

Still unreachable

The connection could not be restored.

Session expired

The server has moved on; the page needs a fresh start.